PAA
SALEM MISFITS @ ATHLETIC CLUB KC ACADEMY
08/22/2027
 
TOP OF THE 1ST
Salem Misfits batting - Pitching for Athletic Club KC Academy : RHP Sook Sung-Man
Pitching: RHP Sook Sung-Man
Batting: RHB Jorge Gómez 0-0: Ball
1-0: Fly out, F8 (Flyball, 8RM)
Batting: LHB Jorge García 0-0: Called Strike
0-1: Called Strike
0-2: Ball
1-2: Fly out, F8 (Flyball, 8LM)
Batting: LHB Austin Hathaway 0-0: Ball
1-0: Ball
2-0: Swinging Strike
2-1: Foul Ball, location: 2F
2-2: Foul Ball, location: 2F
2-2: Foul Ball, location: 2F
2-2: Foul Ball, location: 2F
2-2: Ball
3-2: Ground out 4-3 (Groundball, 4S)
Top of the 1st over - 0 run(s), 0 hit(s), 0 error(s), 0 left on base; Salem 0 - Athletic Club KC Academy 0
BOTTOM OF THE 1ST
Athletic Club KC Academy batting - Pitching for Salem Misfits : RHP Fred Gunther
Pitching: RHP Fred Gunther
Batting: RHB Richard Younger 0-0: Called Strike
0-1: Swinging Strike
0-2: Foul Ball, location: 2F
0-2: Ball
1-2: Fly out, F9 (Flyball, 9LS)
Batting: LHB Tsai Ng 0-0: Ball
1-0: Ground out 1-3 (Groundball, 15S)
Batting: LHB Tony García 0-0: Called Strike
0-1: Foul Ball, location: 2F
0-2: Ball
1-2: Ball
2-2: Foul Ball, location: 2F
2-2: Fly out, F7 (Flyball, 7D)
Bottom of the 1st over - 0 run(s), 0 hit(s), 0 error(s), 0 left on base; Salem 0 - Athletic Club KC Academy 0
TOP OF THE 2ND
Salem Misfits batting - Pitching for Athletic Club KC Academy : RHP Sook Sung-Man
Batting: LHB Brent van Schoonhoven 0-0: Ground out 4-3 (Groundball, 4)
Batting: LHB Estefan Carrasco 0-0: Foul Ball, location: 2F
0-1: Ball
1-1: Fly out, F3 (Line Drive, 3)
Batting: RHB Ryan Fiore 0-0: Ball
1-0: Swinging Strike
1-1: Swinging Strike
1-2: Ball
2-2: Ball
3-2: Foul Ball, location: 2F
3-2: Foul Ball, location: 2F
3-2: Strikes out looking
Top of the 2nd over - 0 run(s), 0 hit(s), 0 error(s), 0 left on base; Salem 0 - Athletic Club KC Academy 0
BOTTOM OF THE 2ND
Athletic Club KC Academy batting - Pitching for Salem Misfits : RHP Fred Gunther
Batting: RHB Andrés Medina 0-0: Fly out, F7 (Line Drive, 7)
Batting: LHB Enrique Miranda 0-0: Called Strike
0-1: Ball
1-1: Ball
2-1: Foul Ball, location: 2F
2-2: Ball
3-2: Foul Ball, location: 2F
3-2: Base on Balls
Batting: RHB Pedro Solís 0-0: Fly out, F6 (Popup, 6D)
Batting: RHB José Flores 0-0: Called Strike
Enrique Miranda steals 2nd base
0-1: Ground out 4-3 (Groundball, 4)
Bottom of the 2nd over - 0 run(s), 0 hit(s), 0 error(s), 1 left on base; Salem 0 - Athletic Club KC Academy 0
TOP OF THE 3RD
Salem Misfits batting - Pitching for Athletic Club KC Academy : RHP Sook Sung-Man
Batting: LHB Chris Thurman 0-0: Called Strike
0-1: Ball
1-1: Ball
2-1: Ball
3-1: Foul Ball, location: 2F
3-2: SINGLE (Line Drive, 4MD)
Batting: RHB Jorge Ramos 0-0: Ball
1-0: Called Strike
1-1: Called Strike
1-2: Ball
2-2: Foul Ball, location: 2F
2-2: Ball
3-2: DOUBLE (Line Drive, 9)
Chris Thurman to third
Batting: RHB Paul O'Neill 0-0: Ball
1-0: Called Strike
1-1: Ball
2-1: Ground out 6-3 (Groundball, 6)
Chris Thurman scores
Jorge Ramos to third
Batting: RHB Jorge Gómez 0-0: Called Strike
0-1: Ball
1-1: Swinging Strike
1-2: Ball
2-2: Ground out 4-3 (Groundball, 4M)
Jorge Ramos scores
Batting: LHB Jorge García 0-0: Ground out 3-1 (Groundball, 34)
Top of the 3rd over - 2 run(s), 2 hit(s), 0 error(s), 0 left on base; Salem 2 - Athletic Club KC Academy 0
BOTTOM OF THE 3RD
Athletic Club KC Academy batting - Pitching for Salem Misfits : RHP Fred Gunther
Batting: RHB Nathaniel Gault 0-0: Ball
1-0: Foul Ball, location: 2F
1-1: Ball
2-1: Ball
3-1: Base on Balls
Batting: LHB Héctor Barrios 0-0: Ball
1-0: Called Strike
1-1: Ball
2-1: Foul Ball, location: 2F
2-2: Ball
3-2: Base on Balls
Nathaniel Gault to second
Batting: RHB Richard Younger 0-0: Ball
1-0: Grounds into double play, 5-4-3 (Groundball, 56)
Nathaniel Gault to third
Batting: LHB Tsai Ng 0-0: Ball
1-0: Swinging Strike
1-1: Ball
2-1: Ball
Passed Ball!
Nathaniel Gault scores
3-1: Base on Balls
Batting: LHB Tony García 0-0: Called Strike
0-1: Fly out, F9 (Flyball, 89M)
Bottom of the 3rd over - 1 run(s), 0 hit(s), 0 error(s), 1 left on base; Salem 2 - Athletic Club KC Academy 1
TOP OF THE 4TH
Salem Misfits batting - Pitching for Athletic Club KC Academy : RHP Sook Sung-Man
Batting: LHB Austin Hathaway 0-0: SINGLE (Groundball, 4D)
Batting: LHB Brent van Schoonhoven 0-0: Ball
1-0: Ball
2-0: Called Strike
2-1: Foul Ball, location: 2F
2-2: Foul Ball, location: 2F
2-2: Foul Ball, location: 2F
2-2: Foul Ball, location: 2F
2-2: Ball
3-2: Strikes out swinging
Batting: LHB Estefan Carrasco 0-0: Called Strike
0-1: Foul Ball, location: 2F
0-2: Ball
1-2: Foul Ball, location: 2F
1-2: SINGLE (Line Drive, 89M)
Austin Hathaway to second
Runner from 2nd tries for 3rd, SAFE, throw made to third
Batting: RHB Ryan Fiore 0-0: Ball
1-0: Ball
Estefan Carrasco steals 2nd base
2-0: Swinging Strike
2-1: Swinging Strike
2-2: SINGLE (Groundball, 5D)
Austin Hathaway scores
Estefan Carrasco to third
Runner from 3rd tries for Home, SAFE, no throw
Batting: LHB Chris Thurman 0-0: Ball
1-0: Called Strike
1-1: Swinging Strike
1-2: Ball
2-2: Ball
3-2: Strikes out swinging
Batting: RHB Jorge Ramos 0-0: Ball
1-0: Ball
2-0: Foul Ball, location: 2F
2-1: Foul Ball, location: 2F
2-2: Strikes out looking
Top of the 4th over - 2 run(s), 3 hit(s), 0 error(s), 1 left on base; Salem 4 - Athletic Club KC Academy 1
BOTTOM OF THE 4TH
Athletic Club KC Academy batting - Pitching for Salem Misfits : RHP Fred Gunther
Batting: RHB Andrés Medina 0-0: Ball
1-0: Ball
2-0: Foul Ball, location: 2F
2-1: Ball
3-1: Ground out 6-3 (Groundball, 6)
Batting: LHB Enrique Miranda 0-0: Ball
1-0: Ball
2-0: Called Strike
2-1: SINGLE (Groundball, 34D)
Batting: RHB Pedro Solís 0-0: Fly out, F8 (Flyball, 8RM)
Batting: RHB José Flores 0-0: Called Strike
0-1: Called Strike
0-2: Strikes out looking
Bottom of the 4th over - 0 run(s), 1 hit(s), 0 error(s), 1 left on base; Salem 4 - Athletic Club KC Academy 1
TOP OF THE 5TH
Salem Misfits batting - Pitching for Athletic Club KC Academy : RHP Sook Sung-Man
Batting: RHB Paul O'Neill 0-0: Ball
1-0: Called Strike
1-1: DOUBLE (Line Drive, 8RD)
Batting: RHB Jorge Gómez 0-0: Called Strike
0-1: Ball
1-1: Bunt missed!
1-2: Foul Ball, location: 2F
1-2: Foul Ball, location: 2F
1-2: Fly out, F8 (Flyball, 89S)
Pitching: RHP Hubert Shaikh
Batting: LHB Jorge García 0-0: Ball
1-0: Fly out, F7 (Line Drive, 78M)
Batting: LHB Austin Hathaway 0-0: Called Strike
0-1: Foul Ball, location: 2F
0-2: Ball
1-2: Ball
2-2: Foul Ball, location: 2F
2-2: Strikes out swinging
Top of the 5th over - 0 run(s), 1 hit(s), 0 error(s), 1 left on base; Salem 4 - Athletic Club KC Academy 1
BOTTOM OF THE 5TH
Athletic Club KC Academy batting - Pitching for Salem Misfits : RHP Fred Gunther
Batting: RHB Nathaniel Gault 0-0: Ball
1-0: Foul Ball, location: 2F
1-1: Ball
2-1: Ball
3-1: Base on Balls
Batting: LHB Héctor Barrios 0-0: Bunted foul
0-1: Sac Bunt - play at first, batter OUT! 1-4
Nathaniel Gault to second
Batting: RHB Richard Younger 0-0: Ball
1-0: Ball
Wild Pitch!
Nathaniel Gault to third
2-0: Ball
3-0: Called Strike
3-1: Called Strike
3-2: Foul Ball, location: 2F
3-2: DOUBLE (Flyball, 7D)
Nathaniel Gault scores
Batting: LHB Tsai Ng 0-0: Ball
1-0: Ball
2-0: Ball
3-0: Called Strike
3-1: SINGLE (Groundball, 23) (infield hit)
Richard Younger to third
Batting: LHB Tony García 0-0: Ball
1-0: Called Strike
Tsai Ng steals 2nd base
1-1: SINGLE (Line Drive, 9S)
Richard Younger scores
Tsai Ng to third
Batting: RHB Andrés Medina 0-0: Swinging Strike
0-1: Called Strike
0-2: Ball
1-2: Ball
2-2: Foul Ball, location: 2F
2-2: Ball
3-2: Foul Ball, location: 2F
3-2: Fly out, F7 (Flyball, 7LDF)
Runner from 3rd tags up, SCORES, no throw
Batting: LHB Enrique Miranda 0-0: Ball
1-0: Called Strike
1-1: Foul Ball, location: 2F
1-2: Ball
Wild Pitch!
Tony García to second
2-2: Ball
3-2: DOUBLE (Groundball, 3L)
Tony García scores
Batting: RHB Pedro Solís 0-0: SINGLE (Line Drive, 78M)
Enrique Miranda to third
Runner from 3rd tries for Home, SAFE, no throw
Pitching: RHP Kevin McCrary
Batting: RHB José Flores 0-0: Ball
1-0: Ball
2-0: Called Strike
2-1: Fielders Choice at 2nd, 5-4 (Groundball, 56)
Bottom of the 5th over - 5 run(s), 5 hit(s), 0 error(s), 0 left on base; Salem 4 - Athletic Club KC Academy 6
TOP OF THE 6TH
Salem Misfits batting - Pitching for Athletic Club KC Academy : RHP Hubert Shaikh
Batting: LHB Brent van Schoonhoven 0-0: Called Strike
0-1: Ground out 4-3 (Groundball, 4)
Batting: LHB Estefan Carrasco 0-0: Called Strike
0-1: Ball
1-1: Foul Ball, location: 2F
1-2: Ground out 4-3 (Groundball, 4)
Batting: RHB Ryan Fiore 0-0: Ground out 6-3 (Groundball, 6M)
Top of the 6th over - 0 run(s), 0 hit(s), 0 error(s), 0 left on base; Salem 4 - Athletic Club KC Academy 6
BOTTOM OF THE 6TH
Athletic Club KC Academy batting - Pitching for Salem Misfits : RHP Kevin McCrary
Batting: RHB Nathaniel Gault 0-0: Swinging Strike
0-1: Swinging Strike
0-2: Ball
1-2: Ball
2-2: Fly out, F8 (Flyball, 8RS)
Batting: LHB Héctor Barrios 0-0: Ball
1-0: SINGLE (Groundball, 3D)
Batting: RHB Richard Younger 0-0: Ball
1-0: Fly out, F2 (Popup, 13)
Batting: LHB Tsai Ng 0-0: Called Strike
0-1: Ball
1-1: Called Strike
1-2: Ground out 6-3 (Groundball, 6M)
Bottom of the 6th over - 0 run(s), 1 hit(s), 0 error(s), 1 left on base; Salem 4 - Athletic Club KC Academy 6
TOP OF THE 7TH
Salem Misfits batting - Pitching for Athletic Club KC Academy : RHP Hubert Shaikh
Batting: LHB Chris Thurman 0-0: Swinging Strike
0-1: Foul Ball, location: 2F
0-2: SINGLE (Flyball, 9LM)
Batting: RHB Jorge Ramos 0-0: Ball
1-0: Ball
2-0: Sac Bunt - play at first, batter OUT! 1-3
Chris Thurman to second
Batting: RHB Paul O'Neill 0-0: Called Strike
0-1: Ball
Chris Thurman steals 3rd base
1-1: Ball
2-1: Ball
3-1: Called Strike
3-2: Foul Ball, location: 2F
3-2: Strikes out swinging
Batting: RHB Jorge Gómez 0-0: Ball
1-0: Called Strike
1-1: Ball
2-1: Ball
3-1: Ground out 4-3 (Groundball, 4)
Top of the 7th over - 0 run(s), 1 hit(s), 0 error(s), 1 left on base; Salem 4 - Athletic Club KC Academy 6
BOTTOM OF THE 7TH
Athletic Club KC Academy batting - Pitching for Salem Misfits : RHP Kevin McCrary
Batting: LHB Tony García 0-0: Fly out, F8 (Flyball, 8LS)
Batting: RHB Andrés Medina 0-0: Called Strike
0-1: Ball
1-1: Fly out, F9 (Flyball, 9S)
Batting: LHB Enrique Miranda 0-0: DOUBLE (Line Drive, 89M)
Batting: RHB Pedro Solís 0-0: Foul Ball, location: 2F
0-1: Ball
1-1: Ball
2-1: Fly out, F7 (Flyball, 7)
Bottom of the 7th over - 0 run(s), 1 hit(s), 0 error(s), 1 left on base; Salem 4 - Athletic Club KC Academy 6
TOP OF THE 8TH
Salem Misfits batting - Pitching for Athletic Club KC Academy : RHP Hubert Shaikh
Batting: LHB Jorge García 0-0: Ball
1-0: Ball
2-0: Foul Ball, location: 2F
2-1: Swinging Strike
2-2: Foul Ball, location: 2F
2-2: Ball
3-2: Strikes out swinging
Batting: LHB Austin Hathaway 0-0: Called Strike
0-1: Ball
1-1: Fly out, F8 (Line Drive, 8RM)
Batting: LHB Brent van Schoonhoven 0-0: Ball
1-0: SOLO HOME RUN (Flyball, 8RXD), Distance : 441 ft
Pitching: LHP Jesús Márquez
Batting: LHB Estefan Carrasco 0-0: Ground out 3-1 (Groundball, 34)
Top of the 8th over - 1 run(s), 1 hit(s), 0 error(s), 0 left on base; Salem 5 - Athletic Club KC Academy 6
BOTTOM OF THE 8TH
Athletic Club KC Academy batting - Pitching for Salem Misfits : RHP Kevin McCrary
Batting: RHB José Flores 0-0: Ball
1-0: Ground out 4-3 (Groundball, 4)
Batting: RHB Nathaniel Gault 0-0: Foul Ball, location: 2F
0-1: Ball
1-1: Foul Ball, location: 2F
1-2: Foul Ball, location: 2F
1-2: Strikes out swinging
Batting: LHB Héctor Barrios 0-0: Foul Ball, location: 2F
0-1: Ball
1-1: Foul Ball, location: 2F
1-2: Strikes out looking
Bottom of the 8th over - 0 run(s), 0 hit(s), 0 error(s), 0 left on base; Salem 5 - Athletic Club KC Academy 6
TOP OF THE 9TH
Salem Misfits batting - Pitching for Athletic Club KC Academy : LHP Jesús Márquez
Pitching: RHP Frank Gallagher
Pinch Hitting: RHB Ralph Cranford 0-0: Ball
1-0: Ball
2-0: Ball
3-0: Called Strike
3-1: Called Strike
3-2: Base on Balls
Batting: LHB Chris Thurman 0-0: Called Strike
0-1: 2-RUN HOME RUN (Flyball, 9D), Distance : 384 ft
Batting: RHB Jorge Ramos 0-0: Ball
1-0: Foul Ball, location: 2F
1-1: Fly out, F3 (Popup, 3L)
Batting: RHB Paul O'Neill 0-0: Ball
1-0: Ball
2-0: Foul Ball, location: 2F
2-1: Ground out 6-3 (Groundball, 6)
Batting: RHB Jorge Gómez 0-0: Swinging Strike
0-1: Ball
1-1: Foul Ball, location: 2F
1-2: Ball
2-2: Strikes out swinging
Top of the 9th over - 2 run(s), 1 hit(s), 0 error(s), 0 left on base; Salem 7 - Athletic Club KC Academy 6
BOTTOM OF THE 9TH
Athletic Club KC Academy batting - Pitching for Salem Misfits : RHP Kevin McCrary
Pitching: RHP Marcos Oquendo
Now at C: Miguel Torres
Batting: RHB Richard Younger 0-0: Called Strike
0-1: Ball
1-1: Ground out 5-3 (Groundball, 5L)
Batting: LHB Tsai Ng 0-0: Called Strike
0-1: Ball
1-1: Called Strike
1-2: Strikes out looking
Batting: LHB Tony García 0-0: Ball
1-0: SINGLE (Line Drive, 78S)
Pinch Runner at 1st Arturo Sosa:
Pinch Hitting: LHB Matt Herman 0-0: Ball
1-0: Ball
2-0: Called Strike
2-1: Called Strike
2-2: Foul Ball, location: 2F
2-2: Ground out 4-3 (Groundball, 34)
Bottom of the 9th over - 0 run(s), 1 hit(s), 0 error(s), 1 left on base; Salem 7 - Athletic Club KC Academy 6
Saturday, May 26th, 2018 - OOTP Baseball 17.12 Build 75